AoeStats
← J A K E J I M M Y

MegaRandom

509975557Analyzed
3v3 RM · 3d ago on Sep 28, 2026· 33m 20s· 6 players
Game mode
Random Map
Map size
Normal (6 player)
Population
200
Speed
Normal
Resources
Standard
Victory
Conquest
Starting age
Dark Age
Ending age
Imperial Age
RankedLock teamsTeams togetherTeam positionsShared explorationLock speedFull tech treeHidden civsTurbo modeCheats
Victory
Defeat
🇬🇧 Saxons · United Kingdom
819
+16
🇦🇷 Burgundians · Argentina
809
+17
🇦🇷 Bulgarians · Argentina
773
+18
🇺🇸 Aztecs · United States
925
-66
🇺🇸 Britons · United States
838
-49
🇺🇸 Saxons · United States
697
-12
J A K E J I M M Y
12:38 Feudal Age
13:21 Double-Bit Axe
13:16 Horse Collar
20:05 Castle Age
21:25 Loom
22:18 Wheelbarrow
21:32 Town Watch
22:01 Gambesons
22:09 Gambesons
22:27 Squires
23:22 Scale Mail Armor
24:59 Bow Saw
26:19 Fletching
29:22 Bodkin Arrow
33:28 Masonry
33:55 Ballistics
33:32 Murder Holes
33:29 Arson
Nahue
2:56 Loom
10:11 Feudal Age
10:40 Double-Bit Axe
10:43 Horse Collar
18:10 Castle Age
19:15 Bow Saw
19:09 Heavy Plow
19:10 Stone Mining
19:55 Gold Mining
21:21 Stone Shaft Mining
25:41 Gold Shaft Mining
33:06 Wheelbarrow
36:02 Imperial Age
Pascualito Rambert
11:33 Feudal Age
12:46 Double-Bit Axe
20:31 Horse Collar
24:17 Castle Age
26:56 Scale Barding Armor
28:37 Forging
28:32 Husbandry
32:40 Gold Mining
Squire
13:05 Feudal Age
13:47 Man-at-Arms
16:32 Horse Collar
18:25 Gold Mining
20:41 Wheelbarrow
26:47 Castle Age
28:19 Long Swordsman
28:45 Gambesons
31:18 Squires
31:20 Husbandry
34:12 Ballistics
Matt from Wii boxing
16:21 Feudal Age
25:07 Horse Collar
25:26 Man-at-Arms
Nacho
10:56 Feudal Age
11:00 Man-at-Arms
11:42 Double-Bit Axe
11:40 Horse Collar
18:47 Arson
22:03 Castle Age
20:27 Fletching
22:49 Crossbowman
23:17 Gambesons
23:32 Squires
23:56 Heavy Plow
24:13 Bow Saw
23:57 Stone Mining
24:29 Gold Mining
31:49 Forging
Connection lost

Rejoining the realm…

Still unreachable

The connection could not be restored.

Session expired

The server has moved on; the page needs a fresh start.